 Dungeon Crawl Stone Soup version 0.20-a0-984-ge8aa303 (webtiles) character file.

704 dvd the Shooter (level 7, -2/57 HPs)
             Began as a Centaur Arcane Marksman on Apr 10, 2017.
             Was a Follower of Qazlal.
             Killed by divine providence
             ... invoked by an orc priest
              (13 damage)
             ... on level 4 of the Dungeon.
             The game lasted 00:14:11 (4695 turns).

dvd the Shooter (Centaur Arcane Marksman)           Turns: 4695, Time: 00:14:12

Health: -2/57      AC:  4    Str: 13    XL:     7   Next: 39%
Magic:  6/8        EV:  9    Int: 12    God:    Qazlal [*.....]
Gold:   316        SH:  1    Dex: 11    Spells: 4/8 levels left

rFire    + . .     SeeInvis .   G - +1 dagger (protect)
rCold    x . .     Gourm    .   (no shield)
rNeg     . . .     Faith    .   (no armour)
rPois    .         Spirit   .   y - +0 helmet
rElec    .         Reflect  .   (no cloak)
rCorr    .         Harm     +   (no gloves)
MR       .....                  (no barding)
Stlth    +.........             t - amulet of harm
Regen    0.2/turn               h - ring of fire
MPRegen  0.2/turn               (no ring)

@: heavily drained, very quick
A: hooves 3, deformed body, speed 2, tough skin 3
a: Renounce Religion


You were on level 4 of the Dungeon.
You worshipped Qazlal.
Qazlal was aware of your devotion.
You were hungry.

You visited 1 branch of the dungeon, and saw 4 of its levels.

You collected 316 gold pieces.

Inventory:

Hand Weapons
 a - a +0 shortbow
 b - a +0 trident
 v - a +0 rapier
 z - a +1 flail of crushing
 B - a +0 spear
 G - a +1 dagger of protection (weapon)
Missiles
 d - 41 arrows
Armour
 e - a +0 robe
 y - a +0 helmet (worn)
 D - a +0 leather armour of magic resistance
 F - a -2 chain mail
Jewellery
 h - a ring of fire (left hand)
 t - an amulet of harm (around neck)
Wands
 A - a wand of confusion (26/48)
Scrolls
 j - 4 scrolls of identify {unknown}
 l - 2 scrolls of teleportation {unknown}
 n - a scroll of enchant weapon {unknown}
 o - a scroll of enchant armour {unknown}
 r - a scroll of blinking {unknown}
 x - a scroll of fear {unknown}
Potions
 m - a potion of lignification {unknown}
 p - a potion of haste {unknown}
 q - a potion of flight {unknown}
 s - a potion of heal wounds {unknown}
 u - a potion of might {unknown}
 w - a potion of resistance {unknown}
Books
 c - a book of Debilitation

   Spells                             Type                      Level
   a - Corona                         Hexes                        1
   b - Slow                           Hexes                        2
   c - Inner Flame                    Hexes/Fire                   3
   d - Portal Projectile              Hexes/Translocation          3
   e - Cause Fear                     Hexes                        4
   f - Leda's Liquefaction            Hexes/Earth                  4
Comestibles
 f - 3 bread rations
 k - 4 fruits
 C - a meat ration


   Skills:
 + Level 3.4(1.9) Fighting
 + Level 2.2(0.8) Polearms
 + Level 7.0(5.4) Bows
 + Level 0.2(0.0) Armour
 + Level 1.9(0.5) Dodging
 + Level 0.4(0.0) Stealth
 + Level 1.1(0.0) Spellcasting
 + Level 3.3(1.9) Hexes
 * Level 2.6(1.2) Translocations


You had 4 spell levels left.
You knew the following spells:

 Your Spells              Type           Power        Failure   Level  Hunger
a - Corona                Hex            #......      17%         1    ##.....
b - Portal Projectile     Hex/Tloc       #.....       56%         3    ####...


Dungeon Overview and Level Annotations

Branches:
Dungeon (4/15)
 Temple: D:4-7

Altars:
Ashenzari
Cheibriados
Qazlal
Ru
Uskayaw


Innate Abilities, Weirdness & Mutations

You have hooves in place of feet.
Armour fits poorly on your strangely shaped body.
You cover ground very quickly.
You have extremely tough skin. (AC +3)


Message History

The orc priest hits you but does no damage.
You hit the orc priest.
The orc priest is lightly wounded.
The orc hits you but does no damage.
The orc priest hits you with a dagger of draining!
* * * LOW HITPOINT WARNING * * *
You feel drained.
* * * LOW HITPOINT WARNING * * *
Okay, then.
Unknown command.
Okay, then.
Unknown command.
Okay, then.
Unknown command.
The orc priest miscasts a cantrip.
The orc priest calls upon Beogh to heal the orc priest.
The orc priest is healed somewhat.
The orc priest calls down the wrath of Beogh upon you.
Beogh smites you!
You die...

#.# #.# #..## ##.## ##.#
#.########...## ### #..####
#.##..........## #.###..
..##.###.......######.# #.# #.#
####.##...#...........# #.# #.#
##.###.......#.###### #.# #.#
##...###.....##.# #.# #.#
##.....###...###.###
#.###.#####..o..@............#
#....))((##.o....##.###..###.####
#..#####.(.(o...###.# #..# #.....
...#####.......## #.###..###.##.#
...#...(.......# #..............
######[....>...# ###..(.<.###...
..#...#........# ######.......
..#.(.#..####### #.#####.
......##.# #.# ##.


You could see 2 orc priests and an orc.

Vanquished Creatures
  A hippogriff (D:3)
  Sigmund (D:3)
  An ogre (D:4)
  3 orc wizards
  A worker ant (D:4)
  5 adders
  2 oozes (D:1)
  2 worms (D:3)
  A dart slug (D:1)
  3 leopard geckos
  17 orcs
  3 giant cockroaches (D:4)
  12 goblins
  11 hobgoblins
  2 quokkas
  A ball python (D:1)
  8 bats
  6 frilled lizards
  9 kobolds
  2 leopard gecko skeletons (D:4)
  6 rats
97 creatures vanquished.

Notes
Turn   | Place    | Note
-------+----------+-------------------------------------------
     0 | D:1      | dvd the Centaur Arcane Marksman began the quest for the Orb.
     0 | D:1      | Reached XP level 1. HP: 16/16 MP: 2/2
   261 | D:1      | Reached skill level 3 in Bows
   261 | D:1      | Reached XP level 2. HP: 23/23 MP: 3/3
   672 | D:1      | Reached XP level 3. HP: 28/28 MP: 4/4
  1047 | D:2      | Reached skill level 4 in Bows
  1388 | D:2      | Found a shattered altar of Ashenzari.
  1407 | D:2      | Reached XP level 4. HP: 23/35 MP: 5/5
  1476 | D:2      | Learned a level 3 spell: Portal Projectile
  2261 | D:3      | Noticed a hippogriff
  2297 | D:2      | You fall through a shaft for 2 floors!
  2435 | D:4      | Found a snail-covered altar of Cheibriados.
  2461 | D:4      | Found a stormy altar of Qazlal.
  2465 | D:4      | Found a hide-covered altar of Uskayaw.
  2470 | D:4      | Became a worshipper of Qazlal Stormbringer
  2477 | D:4      | Noticed an ogre
  2536 | D:4      | Killed an ogre
  2536 | D:4      | Reached skill level 1 in Polearms
  2536 | D:4      | Reached skill level 5 in Bows
  2536 | D:4      | Reached skill level 1 in Translocations
  2536 | D:4      | Reached XP level 5. HP: 41/41 MP: 6/6
  2774 | D:4      | Found a sacrificial altar of Ru.
  3427 | D:3      | Killed a hippogriff
  3427 | D:3      | Reached skill level 6 in Bows
  3427 | D:3      | Reached XP level 6. HP: 50/50 MP: 7/7
  3725 | D:3      | Noticed Sigmund
  3753 | D:3      | Killed Sigmund
  3753 | D:3      | Reached XP level 7. HP: 43/57 MP: 5/8
  3870 | D:3      | Reached skill level 7 in Bows
  4099 | D:3      | Reached * piety under Qazlal
  4695 | D:4      | Killed from afar by an orc priest

Vault maps used:
D:1:      scummos_arrival_star
D:2:      evilmike_ruin_ashenzari
D:3:      uniq_sigmund
D:4:      nicolae_ru_great_annihilating_truth, grunt_temple_overflow_open

Skill      XL: |  1  2  3  4  5  6  7 |
---------------+----------------------+-----
Bows           | 3 4 5 6 7 |  7.0
Hexes          | 3 |  3.3
Fighting       | 2 3 |  3.4
Polearms       | 1 2 |  2.2
Translocations | 1 2 |  2.6
Armour         | |  0.2
Dodging        | |  1.9
Stealth        | |  0.4
Spellcasting   | |  1.1

Action                   |  1- 3 |  4- 6 |  7- 9 || total
-------------------------+-------+-------+-------++-------
Melee: Spear             |    66 |    42 |       ||   108
       Kick              |     7 |    11 |    11 ||    29
       Trident           |       |    38 |    18 ||    56
       Dagger            |       |       |    16 ||    16
       Flail             |       |       |    11 ||    11
 Fire: Shortbow          |    46 |   114 |    38 ||   198
 Cast: Corona            |       |     3 |       ||     3
       Portal Projectile |       |     2 |     1 ||     3
  Use: Potion            |     1 |     2 |       ||     3
       Scroll            |       |       |     2 ||     2
 Stab: Paralysed         |       |     2 |       ||     2
  Eat: Chunk             |       |     6 |     3 ||     9
Armor: Robe              |    21 |    41 |     3 ||    65
       Skin              |       |       |    12 ||    12
       Leather armour    |       |       |     3 ||     3
Dodge: Dodged            |    36 |    49 |    24 ||   109
